 Dungeon Crawl Stone Soup version 0.22.1-2-g9c5b331 (webtiles) character file.

4134 WarriorsX the Fighter (level 10, -3/81 HPs)
             Began as a Human Berserker on Dec 29, 2018.
             Was an Elder of Trog.
             Slain by a killer bee (5 damage)
             ... on level 8 of the Dungeon.
             The game lasted 00:21:58 (7957 turns).

WarriorsX the Fighter (Human Berserker)             Turns: 7957, Time: 00:21:59

Health: -3/81      AC: 16    Str: 20    XL:     10   Next: 51%
Magic:  10/10      EV:  9    Int: 10    God:    Trog [****..]
Gold:   406        SH:  0    Dex: 14    Spells: 9/9 levels left

rFire    . . .     SeeInvis .   o - +3 spear (distort)
rCold    . . .     Gourm    .   (no shield)
rNeg     . . .     Faith    .   d - +0 plate armour
rPois    +         Spirit   .   k - +0 helmet
rElec    .         Reflect  .   (no cloak)
rCorr    .         Harm     .   (no gloves)
MR       ++...                  t - +0 pair of boots of Zoses {rPois Int+3 Stlth+} (curse)
Stlth    ..........             (no amulet)
HPRegen  1.23/turn              (no ring)
MPRegen  0.12/turn              (no ring)

@: regenerating
A: no striking features
a: Berserk, Trog's Hand, Brothers in Arms, Renounce Religion


You were on level 8 of the Dungeon.
You worshipped Trog.
Trog was greatly pleased with you.
You were not hungry.

You visited 2 branches of the dungeon, and saw 10 of its levels.

You collected 406 gold pieces.

Inventory:

Hand Weapons
 a - a +0 hand axe
 o - a +3 spear of distortion (weapon)
 s - the +6 mace of the Thing {flame, +Blink, unknown}
   (You found it on level 5 of the Dungeon)

   It has been specially enchanted to burn those struck by it, causing extra
   injury to most foes and up to half again as much damage against particularly
   susceptible opponents.
   It lets you blink.
 G - a cursed +1 trident
Missiles
 h - 13 javelins (quivered)
Armour
 d - a +0 plate armour (worn)
 k - a +0 helmet (worn)
 l - a +0 pair of boots
 t - the cursed +0 pair of boots of Zoses (worn) {rPois Int+3 Stlth+}
   (You found it on level 5 of the Dungeon)

   It affects your intelligence (+3).
   It protects you from poison.
   It makes you more stealthy.
   It has a curse placed upon it.
Jewellery
 j - an uncursed ring of protection from magic {unknown}
 D - an uncursed ring of poison resistance {unknown}
Wands
 m - a wand of paralysis (9)
 z - a wand of random effects (14)
 B - a wand of flame (27)
Scrolls
 e - 7 scrolls of remove curse
 g - 5 scrolls of identify
 n - 5 scrolls of teleportation
 p - 2 scrolls of blinking {unknown}
 u - a scroll of brand weapon {unknown}
 v - 3 scrolls of magic mapping
 w - 2 scrolls of noise {unknown}
 y - a scroll of vulnerability {unknown}
 A - a scroll of enchant armour {unknown}
 E - a scroll of fog
 F - a scroll of enchant weapon
Potions
 b - 3 potions of brilliance
 f - 2 potions of might
 i - 5 potions of heal wounds {unknown}
 q - a potion of lignification
 r - a potion of agility
 x - 2 potions of flight {unknown}
 C - 2 potions of invisibility {unknown}
Comestibles
 c - 21 rations


   Skills:
 + Level 8.3 Fighting
 - Level 6.1(7.1) Axes
 - Level 5.2(6.6) Polearms
 - Level 8.1 Armour
 - Level 6.0 Dodging
 + Level 0.7 Evocations


You had 9 spell levels left.
You didn't know any spells.
Your spell library was empty.

Dungeon Overview and Level Annotations

Branches:
Dungeon (9/15)             Temple (1/1) D:7
   Lair: D:8-11         Orc: D:9-12

Altars:
Ashenzari
Cheibriados
Dithmenos
Elyvilon
Fedhas
Gozag
Hepliaklqana
Kikubaaqudgha
Makhleb
Nemelex Xobeh
Okawaru
Qazlal
Ru
Sif Muna
Trog
Uskayaw
Vehumet
Wu Jian
Xom
Yredelemnul
Zin
The Shining One

Shops:
D:5 *

Annotations:
D:3 1 runed door, 2 transporters, appiemonkey's ghost, amateur DsGl
D:7 3 runed doors, lapinsky's ghost, journeyman HOBe
D:9 Erolcha
Abyss:1 Blork the orc; Harold; Natasha


Message History

The centaur hits you but does no damage.
Something hits you!!
* * * LOW HITPOINT WARNING * * *
You climb upwards.
There is a stone staircase leading down here.
You eat one of the 22 rations.
That ration really hit the spot!
The killer bee stings you.
* * * LOW HITPOINT WARNING * * *
The centaur closely misses you.
The killer bee stings you but does no damage.
The ogre hits you but does no damage.
Your skin crawls.
You feel resistant to hostile enchantments.
You feel somewhat more hungry.
The killer bee stings you but does no damage.
The centaur hits you but does no damage.
Something hits you!!
* * * LOW HITPOINT WARNING * * *
The killer bee stings you.
You die...

........#.......#..# #.#########
...###..#.......#..# #..........
...# #..##.....##.## ###########
...# ##.####.####.######## ...#
#..................# ...#
##.................# ##.#
#.................#
##.#####.................########
.......'.......O@c........_......
##.##.##.......y{################
#.##.).....###### #.##.......#
##.##.......#####
##.##...........#
.#.##...........#
.#.##...........#
.#.##.#'###.....#


You could see an ogre, a centaur and a killer bee.

Vanquished Creatures
  Grinder (D:6)
  Sigmund (D:6)
  A wyvern (D:7)
  Edmund (D:6)
  Menkaure (D:5)
  Duvessa (D:5)
  3 orc warriors
  A black bear (D:7)
  A sky beast (D:6)
  A necrophage (D:6)
  2 ogres
  A centaur (D:8)
  4 bullfrogs
  Dowan (D:5)
  2 scorpions
  8 wights
  A howler monkey (D:6)
  3 crimson imps
  A quasit (D:6)
  A bullfrog zombie (D:8)
  3 hounds
  2 jellies (D:8)
  5 orc wizards
  Terence (D:2)
  2 iguanas
  3 worker ants
  A killer bee zombie (D:7)
  A worker ant zombie (D:5)
  7 adders
  An ooze (D:3)
  An adder skeleton (D:7)
  2 worms
  4 dart slugs (D:1)
  5 leopard geckos
  16 orcs
  2 ball pythons
  6 giant cockroaches
  14 goblins
  9 hobgoblins
  5 jackals
  5 kobolds
  3 quokkas
  A ball python skeleton (D:6)
  10 bats
  7 frilled lizards
  A giant cockroach zombie (D:6)
  A jackal skeleton (D:5)
  A kobold skeleton (D:3)
  A leopard gecko skeleton (D:4)
  A quokka skeleton (D:4)
  7 rats
164 creatures vanquished.

Vanquished Creatures (others)
  A spriggan (D:8)
  An orc warrior (D:8)
  A phantom (D:6)
  A centaur (D:8)
  An ogre (D:7)
  A wight (D:7)
  An orc priest (D:8)
  A bullfrog skeleton (D:6)
  An orc (D:7)
  A bat (D:2)
10 creatures vanquished.

Grand Total: 174 creatures vanquished

Notes
Turn   | Place    | Note
-------+----------+-------------------------------------------
     0 | D:1      | WarriorsX the Human Berserker began the quest for the Orb.
     0 | D:1      | Reached XP level 1. HP: 18/18 MP: 1/1
   108 | D:1      | Reached XP level 2. HP: 24/24 MP: 2/2
   576 | D:1      | Reached XP level 3. HP: 28/29 MP: 3/3
   795 | D:2      | Noticed Terence
   813 | D:2      | Reached ** piety under Trog
   971 | D:2      | Found a glowing golden altar of the Shining One.
   986 | D:2      | Found an ancient bone altar of Kikubaaqudgha.
   991 | D:2      | Killed Terence
   991 | D:2      | Reached XP level 4. HP: 36/37 MP: 4/4
  1066 | D:2      | Noticed Natasha
  1084 | D:2      | Banished Natasha
  1084 | D:2      | Reached XP level 5. HP: 42/42 MP: 5/5
  1111 | D:2      | Found a deep blue altar of Sif Muna.
  1807 | D:3      | Found a runed door.
  1807 | D:3      | Noticed a human
  1829 | D:3      | Found a transporter.
  1836 | D:3      | Noticed appiemonkey's ghost (amateur DsGl)
  1836 | D:3      | Noticed an ogre
  1837 | D:3      | Noticed an ogre
  1837 | D:3      | Noticed an ogre
  1842 | D:3      | Found a transporter.
  2569 | D:4      | Reached XP level 6. HP: 48/48 MP: 6/6
  2575 | D:4      | Reached *** piety under Trog
  2850 | D:4      | Found a shimmering altar of Xom.
  2956 | D:4      | Found a blossoming altar of Fedhas.
  3214 | D:4      | Found a sparkling altar of Nemelex Xobeh.
  3214 | D:4      | Found a glowing golden altar of the Shining One.
  3216 | D:4      | Found a burning altar of Makhleb.
  3216 | D:4      | Found a glowing golden altar of the Shining One.
  3216 | D:4      | Found a glowing silver altar of Zin.
  3349 | D:5      | Entered Level 5 of the Dungeon
  3425 | D:5      | Got an ivory mace
  3479 | D:5      | Got a pair of slimy boots
  3490 | D:5      | Identified the cursed +0 pair of boots of Zoses {rPois
                  | Int+3 Stlth+} (You found it on level 5 of the Dungeon)
  3510 | D:5      | Reached skill level 5 in Fighting
  3510 | D:5      | Reached XP level 7. HP: 48/56 MP: 7/7
  3599 | D:5      | Paralysed by fainting for 12 turns
  3655 | D:5      | Noticed Menkaure
  3665 | D:5      | Killed Menkaure
  3665 | D:5      | Reached skill level 5 in Axes
  4101 | D:5      | Found a burning altar of Makhleb.
  4329 | D:5      | Found Inevvyca's General Store.
  4341 | D:6      | Noticed Edmund
  4376 | D:5      | Paralysed by fainting for 9 turns
  4421 | D:5      | Paralysed by fainting for 8 turns
  4583 | D:6      | Noticed Duvessa
  4584 | D:6      | Noticed Dowan
  4672 | D:5      | Killed Duvessa
  4691 | D:5      | Killed Dowan
  4795 | D:6      | Found a hazy altar of Hepliaklqana.
  4796 | D:6      | Found a shattered altar of Ashenzari.
  4806 | D:6      | Noticed Blork the orc
  4817 | D:6      | Killed Edmund
  4817 | D:6      | Reached XP level 8. HP: 58/62 MP: 8/8
  4848 | D:6      | Banished Blork the orc
  4848 | D:6      | Reached skill level 5 in Armour
  4914 | D:6      | Noticed Grinder
  5003 | D:6      | Noticed Sigmund
  5020 | D:6      | Killed Sigmund
  5078 | D:6      | Killed Grinder
  5078 | D:6      | Reached XP level 9. HP: 68/68 MP: 9/9
  5478 | D:7      | Noticed Harold
  5973 | D:7      | Reached skill level 1 in Polearms
  6005 | D:7      | Found a staircase to the Ecumenical Temple.
  6021 | D:7      | Reached **** piety under Trog
  6043 | D:7      | Found a runed gate.
  6044 | D:7      | Noticed a kobold demonologist
  6044 | D:7      | Noticed lapinsky's ghost (journeyman HOBe)
  6045 | D:7      | Found a runed gate.
  6045 | D:7      | Found a runed gate.
  6258 | D:7      | Banished Harold
  6258 | D:7      | Reached skill level 5 in Polearms
  6258 | D:7      | Reached XP level 10. HP: 62/79 MP: 10/10
  6564 | Temple   | Entered the Ecumenical Temple
  6692 | D:8      | Reached skill level 5 in Dodging
  6740 | D:8      | Found an opulent altar of Gozag.
  6758 | D:8      | Noticed a two-headed ogre
  6818 | D:8      | Found a sacrificial altar of Ru.
  6957 | D:8      | Found an ancient bone altar of Kikubaaqudgha.
  7385 | D:8      | Found a snail-covered altar of Cheibriados.
  7938 | D:9      | Found a radiant altar of Vehumet.
  7940 | D:9      | Noticed Erolcha
  7957 | D:8      | HP: 2/81 [something (19)]
  7957 | D:8      | Slain by a killer bee

Skill      XL: |  1  2  3  4  5  6  7  8  9 10 |
---------------+-------------------------------+-----
Axes           | 4 6 |  6.1
Fighting       | 4 5 7 8 |  8.3
Armour         | 3 4 7 8 |  8.1
Dodging        | 3 6 |  6.0
Polearms       | 5 |  5.2
Evocations     | |  0.7

Action                   |  1- 3 |  4- 6 |  7- 9 | 10-12 || total
-------------------------+-------+-------+-------+-------++-------
Melee: Hand axe          |    77 |       |       |       ||    77
       Spear             |    44 |   163 |   216 |   173 ||   596
Throw: Javelin           |       |       |     1 |       ||     1
Invok: Berserk           |       |       |     2 |     1 ||     3
       Trog's Hand       |       |       |     1 |     2 ||     3
  Use: Scroll            |       |     9 |       |       ||     9
       Potion            |       |     4 |       |       ||     4
  Eat: Chunk             |       |     6 |     7 |     4 ||    17
       Ration            |       |       |     2 |     1 ||     3
Armor: Plate armour      |    90 |    61 |   101 |    76 ||   328
Dodge: Dodged            |    29 |    33 |    48 |    55 ||   165
